 Dungeon Crawl Stone Soup version 0.32-a0-995-gb4a59205af (webtiles) character file.

Game seed: 11544018640723042948

72902 protoss039 the Fighter (level 15, -4/125 HPs)
             Began as a Demonspawn Earth Elementalist on Apr 22, 2024.
             Was a High Priest of Vehumet.
             Slain by a hog (9 damage)
             ... led by Kirke
             ... on level 4 of the Lair of Beasts.
             The game lasted 00:58:36 (30145 turns).

protoss039 the Fighter (DsEE)                      Turns: 30145, Time: 00:58:36

Health: -4/125     AC:  0    Str:  9    XL:     15   Next: 2%
Magic:  0/31       EV: 14    Int: 22    God:    Vehumet [*****.]
Gold:   1792       SH:  0    Dex: 14    Spells: 8/39 levels left

rFire   . . .        W - melded +5 dagger (venom)
rCold   . . .        (shield currently unavailable)
rNeg    . . .        r - melded +1 robe {rC+ rF+}
rPois   .            E - melded +0 helmet
rElec   .            j - melded +3 cloak "Hero's Friend" {Str+7 Int+2 Dex-2 SInv}
rCorr   .            (gloves unavailable)
SInv    .            u - melded +1 pair of boots
Will    +....        Q - amulet of guardian spirit
Stlth   ++           c - melded +4 ring of protection
HPRegen 0.40/turn    a - melded ring "Zyth" {rPois rC+ Int+4}
MPRegen 0.22/turn

%: guardian spirit
@: pig-form, hasted, very quick
A: fast, no casting, small, (slimy green scales 3), demonic guardian 1, (demonic
touch 3)
a: Renounce Religion


You were on level 4 of the Lair of Beasts.
You worshipped Vehumet.
Vehumet was extremely pleased with you.
You were a filthy swine.
You visited 3 branches of the dungeon, and saw 21 of its levels.
You also visited: Ice Cave.

You collected 2000 gold pieces.
You spent 208 gold pieces at shops.

Inventory:

Hand Weapons
 W - a +5 dagger of venom (melded)
Missiles
 g - a throwing net
Armour
 e - the +2 leather armour of Buumor {^Contam Rampage Fly Int+3}
   (You found it on level 9 of the Dungeon)

   Int+3:     It affects your intelligence (+3).
   Fly:       It grants you flight.
   ^Contam:   It causes magical contamination when unequipped.
   Rampage:   It bestows one free step when moving towards enemies.
 j - the +3 cloak "Hero's Friend" (melded) {Str+7 Int+2 Dex-2 SInv}
   (You found it on level 2 of the Lair of Beasts)

   Str+7:     It affects your strength (+7).
   Int+2:     It affects your intelligence (+2).
   Dex-2:     It affects your dexterity (-2).
   SInv:      It lets you see invisible.
 r - a +1 robe of resistance (melded)
 u - a +1 pair of boots (melded)
 v - the +7 Kryia's mail coat {PotionHeal*2 rC+}
   (You found it on level 3 of the Dungeon)

   PotionHeal*2: Potions heal its wearer twice as much.
   rC+:       It protects you from cold.
 E - a +0 helmet (melded)
 X - a +1 robe of willpower
Magical Staves
 m - a staff of alchemy
Jewellery
 a - the ring "Zyth" (melded) {rPois rC+ Int+4}
   (You acquired it on level 9 of the Dungeon)

   [ring of poison resistance]

   Int+4:     It affects your intelligence (+4).
   rC+:       It protects you from cold.
   rPois:     It protects you from poison.
 c - a +4 ring of protection (melded)
 C - a ring of protection from fire
 I - a ring of flight
 K - a ring of fire
 Q - an amulet of guardian spirit (around neck)
 T - a ring of wizardry
Wands
 s - a wand of mindburst (14)
 w - a wand of quicksilver (15)
 P - a wand of digging (2)
 V - a wand of flame (7)
Scrolls
 b - 2 scrolls of revelation
 d - a scroll of silence {unknown}
 f - 3 scrolls of enchant armour
 i - a scroll of identify
 l - 9 scrolls of poison
 o - 11 scrolls of teleportation
 y - a scroll of brand weapon {unknown}
 A - 4 scrolls of amnesia
 B - 5 scrolls of fog
 J - 5 scrolls of fear
 L - 2 scrolls of immolation {unknown}
 S - a scroll of blinking {unknown}
Potions
 h - 4 potions of cancellation
 k - 10 potions of ambrosia
 n - 6 potions of curing
 p - 5 potions of lignification
 t - 2 potions of brilliance
 z - 2 potions of might
 D - 2 potions of berserk rage {unknown}
 F - 2 potions of enlightenment {unknown}
 G - 2 potions of haste
 M - 3 potions of invisibility {unknown}
 N - a potion of resistance {unknown}
 R - 2 potions of magic
 U - a potion of mutation {unknown}


   Skills:
 + Level 13.9 Fighting
 - Level 9.0 Armour
 - Level 3.0 Dodging
 - Level 3.0 Stealth
 + Level 12.8 Spellcasting
 - Level 6.0 Conjurations
 - Level 3.0 Air Magic
 + Level 12.9 Earth Magic
 - Level 3.0 Alchemy
 - Level 3.0 Evocations


You had 8 spell levels left.
You knew the following spells:

 Your Spells              Type           Power      Damage    Failure   Level
a - Sandblast             Erth           100%       2d20      0%          1
b - Passwall              Erth           63%        N/A       1%          3
c - Stone Arrow           Conj/Erth      100%       3d13      1%          3
d - Lee's Rapid Deconstr  Erth           31%        3d16*     1%          5
e - Iskenderun's Mystic Conj/Tloc 27%            2d7        (+2d3     3%          4
f - Magnavolt             Erth/Air       24%        3d15      34%         7
g - Mephitic Cloud        Conj/Alch/Air  31%        N/A       1%          3
h - Arcjolt               Conj/Air       16%        1d26      5%          5

Your spell library contained the following spells:

 Spells                   Type           Power      Damage    Failure   Level
 Plasma Beam              Fire/Air       10%        2x1d21    65%         6
 Kiss of Death            Conj/Necr      100%       2d13      1%          1
 Magic Dart               Conj           100%       1d8       1%          1
 Sting                    Conj/Alch      100%       1d9       1%          1
 Dazzling Flash           Conj/Hex       54%        N/A       1%          3
 Brom's Barrelling Bould  Conj/Erth      54%        2d7       1%          4
 Leda's Liquefaction      Alch/Erth      24%        N/A       1%          4
 Petrify                  Alch/Erth      49%        N/A       1%          4
 Apportation              Tloc           28%        N/A       4%          1
 Necrotise                Necr           56%        1d6       4%          1
 Summon Small Mammal      Summ           56%        N/A       4%          1
 Blink                    Tloc           28%        N/A       7%          2
 Call Imp                 Summ           28%        N/A       7%          2
 Jinxbite                 Hex            28%        N/A       7%          2
 Permafrost Eruption      Ice/Erth       21%        2x4d5     13%         6
 Call Canine Familiar     Summ           14%        N/A       14%         3
 Confusing Touch          Hex            14%        N/A       14%         3
 Fugue of the Fallen      Necr           14%        N/A       14%         3
 Ozocubu's Armour         Ice            14%        N/A       14%         3
 Sigil of Binding         Hex            14%        N/A       14%         3
 Summon Ice Beast         Ice/Summ       14%        N/A       14%         3
 Summon Lightning Spire   Summ/Air       20%        N/A       24%         4
 Alistair's Intoxication  Alch           18%        N/A       36%         5
 Dimensional Bullseye     Hex/Tloc       7%         N/A       41%         4
 Dispel Undead            Necr           14%        3d10      41%         4
 Silence                  Hex/Air        10%        N/A       56%         5
 Summon Mana Viper        Hex/Summ       14%        N/A       77%         5
 Manifold Assault         Tloc           7%         N/A       100%        7
 Monstrous Menagerie      Summ           7%         N/A       100%        7
 Maxwell's Capacitive Co  Air            13%        ∞         100%        8


Dungeon Overview and Level Annotations

Branches:
Dungeon (15/15) Zot: 24232  Temple (1/1) D:7 Zot: 5989    Lair (5/5) D:9 Zot: 24648
  Swamp (0/4) Lair:3       Spider (0/4) Lair:3          Orc (0/2) D:12
 Vaults (0/5) D:14         Depths (0/4) D:15          IceCv (visited)
  Slime: Lair:4-5

Altars:
Ashenzari
Cheibriados
Dithmenos
Fedhas
Gozag
Hepliaklqana
Kikubaaqudgha
Makhleb
Nemelex Xobeh
Okawaru
Qazlal
Ru
Sif Muna
Trog
Uskayaw
Vehumet
Wu Jian
Xom
Yredelemnul

Shops:
D:6 *   D:10 *   D:14 !   D:15 *

Annotations:
D:4 Edmund, Natasha
D:9 exclusion: ice statue
D:10 2 transporters
D:15 exclusions: door and stone giant
Lair:4 Kirke


Innate Abilities, Weirdness & Mutations

You are a filthy swine.
You move quickly.
Your equipment is almost entirely melded.
You are incapable of wielding weapons or throwing items.
You cannot cast spells.
((You are completely covered in slimy green scales. (AC +4, rPois)))
A weak demonic guardian rushes to your aid.
((Your touch may irresistibly damage your foes and sap their willpower.))


Message History

Your +1 robe of resistance melds into your body.
Your +4 ring of protection melds into your body.
The ring "Zyth" {rPois rC+ Int+4} melds into your body.
Your +5 dagger of venom stops dripping with poison.
You feel hot and cold all over.
Unknown command.
Unknown command.
You can't do that in your present form.
Unknown command.
Unknown command.
The hog barely misses you. x2; The yak gores you!
The yak closely misses you. Kirke closely misses you.
You climb upwards.
There is a stone staircase leading down, spattered with blood here.
Things that are here:
a wand of charming (2); +0 steam dragon scales; 2 scrolls of vulnerability Unknown command.
You hit the hog.
The hog is lightly wounded.
The hog bites you! x2
Unknown command.
You barely miss the hog.
The hog is lightly wounded.
The yak gores you! Kirke hits you! The yak closely misses you.
The hog closely misses you. The hog misses you.
Unknown command.
You barely miss the hog.
The hog is lightly wounded.
The hog bites you! The hog bites you. Kirke hits you!
* * * LOW HITPOINT WARNING * * *
The yak gores you!
* * * LOW HITPOINT WARNING * * *
The yak gores you!
* * * LOW HITPOINT WARNING * * *
A demonic guardian appears!
Unknown command.
You feel yourself speed up. The hog bites you!
* * * LOW HITPOINT WARNING * * *
The hog bites you!
You die...

..##....##(.........#
..÷..÷..............#
.##.÷...##..........#
..##...####.........#
..##...# #.........#
..#....# #.........#
.......######..Y.#.##
...P...##.###.5hh###
........##.....Yh#
............#..@Y#
............#....#
...........#.....#
............P....#
...#.............##
...##.....#P......#
....#.....##......#
.........####....##


You could see Kirke, 3 yaks, 2 hogs and a friendly quasit (summoned).

Vanquished Creatures
  A white draconian (IceCv)
  An ettin (D:14)
  Josephine (D:15)
  2 hydras
  An ice dragon (D:14)
  A boulder beetle (D:7)
  2 centaur warriors
  A death knight (D:14)
  7 two-headed ogres
  A tengu warrior (D:15)
  A deep elf knight (D:15)
  Sonja (D:13)
  A skeletal warrior (D:14)
  A deep elf archer (D:15)
  A deep troll (D:14)
  A lindwurm (Lair:3)
  2 deep elf pyromancers
  A bog body (Lair:3)
  A phantasmal warrior (D:14)
  A deep elf zephyrmancer (D:15)
  An orc knight (D:15)
  17 ugly things
  3 cyclopes
  3 manticores (D:14)
  6 meliai
  10 black mambas
  15 slime creatures
  2 ice statues (IceCv)
  A gargoyle (D:12)
  An unseen horror (D:10)
  10 cane toads
  A freezing wraith (D:14)
  9 rime drakes
  6 komodo dragons
  An efreet (D:15)
  A kobold demonologist (D:11)
  4 trolls
  A queen bee (D:12)
  4 polar bears
  A queen bee (shapeshifter) (D:15)
  A troll (shapeshifter) (D:15)
  A wind drake (shapeshifter) (D:14)
  A polar bear (shapeshifter) (D:15)
  A hornet (Lair:2)
  A raiju (shapeshifter) (D:13)
  16 blink frogs
  12 dream sheep
  Sigmund (D:4)
  3 shadows
  4 wyverns
  A vampire (D:14)
  7 wraiths
  Grum (D:10)
  3 basilisks
  A spriggan (Lair:2)
  47 yaks
  3 steam dragons
  3 vampire mosquitoes
  4 acid dragons
  10 water moccasins
  5 orc warriors
  2 black bears
  3 sky beasts
  An ice beast (D:7)
  A black bear (shapeshifter) (D:15)
  2 laughing skulls (D:14)
  An ogre (D:5)
  11 wolves
  7 centaurs
  A phantom (D:4)
  3 kobold brigands
  A gnoll sergeant (D:10)
  16 bullfrogs
  2 scorpions (D:5)
  15 wights (D:8)
  25 killer bees
  5 lindwurm simulacra (IceCv)
  An electric eel (Lair:2)
  2 bombardier beetles
  9 howler monkeys
  A crimson imp (D:9)
  8 komodo dragon simulacra (IceCv)
  5 hounds
  7 orc priests
  3 jellies
  2 sleepcaps
  7 iguanas
  Natasha (twice) (D:4)
  11 orc wizards
  5 hell rats (Lair:4)
  7 adders
  5 gnolls (D:10)
  3 acid dragon simulacra (IceCv)
  2 shadow imps
  9 white imps
  4 ufetubi (D:6)
  5 steam dragon simulacra (IceCv)
  5 ribbon worms
  3 dart slugs
  42 orcs
  6 bats
  3 endoplasms
  4 giant cockroaches
  7 goblins
  9 hobgoblins
  10 jackals
  6 quokkas
  9 ball pythons
  10 frilled lizards
  24 kobolds
  4 rats
588 creatures vanquished.

Vanquished Creatures (collateral kills)
  An ugly thing (D:15)
  A cane toad (Lair:1)
  A komodo dragon (Lair:2)
  2 centaurs
  2 killer bees
  4 white imps (D:12)
  10 boulders
21 creatures vanquished.

Vanquished Creatures (others)
  An orc sorcerer (D:13)
  3 yaks
  A black bear (Lair:3)
  A killer bee (D:12)
  8 boulders (D:15)
14 creatures vanquished.

Grand Total: 623 creatures vanquished

Notes
Turn   | Place    | Note
-------+----------+-------------------------------------------
     0 | D:1      | protoss039 the Demonspawn Earth Elementalist began the
                  | quest for the Orb.
     0 | D:1      | Reached XP level 1. HP: 13/13 MP: 3/3
   256 | D:1      | Gained mutation: Your touch may inflict minor irresistible
                  | damage on your foes. [demonic ancestry]
   256 | D:1      | Reached XP level 2. HP: 19/20 MP: 3/5
   328 | D:1      | Reached skill level 1 in Fighting
   504 | D:1      | HP: 1/21 [quokka (2)]
   860 | D:1      | Gained mutation: You are partially covered in slimy green
                  | scales. (AC +2) [demonic ancestry]
   860 | D:1      | Reached XP level 3. HP: 26/26 MP: 4/6
  1272 | D:1      | Learned a level 3 spell: Passwall
  1608 | D:2      | Reached skill level 2 in Fighting
  1650 | D:2      | Reached XP level 4. HP: 33/33 MP: 3/8
  1842 | D:2      | Found a faded altar of an unknown god.
  2472 | D:2      | Learned a level 3 spell: Stone Arrow
  2482 | D:3      | Found a snail-covered altar of Cheibriados.
  2510 | D:3      | Found the +7 Kryia's mail coat {PotionHeal*2 rC+}
  2595 | D:3      | Found a shadowy altar of Dithmenos.
  2595 | D:3      | Found an ancient bone altar of Kikubaaqudgha.
  2603 | D:3      | Found an ornate altar of the Wu Jian Council.
  2648 | D:3      | Found an opulent altar of Gozag.
  2871 | D:3      | Reached XP level 5. HP: 38/39 MP: 1/9
  3072 | D:3      | Found a sacrificial altar of Ru.
  3715 | D:4      | Noticed a phantom
  3720 | D:4      | Killed a phantom
  3721 | D:4      | Reached skill level 1 in Armour
  3849 | D:4      | Noticed Sigmund
  3945 | D:4      | Reached XP level 6. HP: 40/46 MP: 6/10
  4077 | D:4      | Identified the +1 spear of Qayqerghintu {flame, rPois Dex+2
                  | Stlth+}
  4180 | D:4      | Killed Sigmund
  4181 | D:4      | Reached skill level 3 in Fighting
  4287 | D:4      | Noticed Natasha
  4289 | D:4      | Killed Natasha
  4291 | D:4      | Noticed Natasha
  4301 | D:4      | Killed Natasha
  4416 | D:4      | Noticed Edmund
  4541 | D:4      | Learned a level 3 spell: Mephitic Cloud
  5006 | D:4      | Noticed Natasha
  5110 | D:5      | Entered Level 5 of the Dungeon
  5147 | D:5      | Gained mutation: Your touch may inflict irresistible damage
                  | on your foes. [demonic ancestry]
  5147 | D:5      | Reached XP level 7. HP: 52/52 MP: 7/12
  5373 | D:5      | Found a hide-covered altar of Uskayaw.
  5683 | D:5      | Reached skill level 1 in Alchemy
  6410 | D:5      | Found an iron altar of Okawaru.
  6439 | D:5      | Gained mutation: You are mostly covered in slimy green
                  | scales. (AC +3) [demonic ancestry]
  6439 | D:5      | Reached XP level 8. HP: 60/60 MP: 4/14
  6656 | D:6      | Reached skill level 4 in Fighting
  7304 | D:6      | Found Zin's Purification Station.
  7798 | D:7      | Reached skill level 5 in Earth Magic
  7946 | D:7      | Noticed a boulder beetle
  7991 | D:7      | Killed a boulder beetle
  7992 | D:7      | Reached skill level 5 in Fighting
  7992 | D:7      | Reached skill level 5 in Armour
  7992 | D:7      | Reached skill level 5 in Spellcasting
  7992 | D:7      | Reached XP level 9. HP: 30/68 MP: 4/16
  8459 | D:7      | Found a hazy altar of Hepliaklqana.
  8697 | D:7      | Found a staircase to the Ecumenical Temple.
  9125 | Temple   | Entered the Ecumenical Temple
  9130 | Temple   | Became a worshipper of Vehumet
  9260 | D:7      | Found a blossoming altar of Fedhas.
  9421 | D:8      | Reached skill level 1 in Evocations
  9542 | D:8      | Reached skill level 1 in Air Magic
  9948 | D:8      | Found a stormy altar of Qazlal.
 10057 | D:8      | Reached * piety under Vehumet
 10057 | D:8      | Offered knowledge of Kiss of Death by Vehumet.
 10058 | D:8      | Reached XP level 10. HP: 75/75 MP: 2/18
 11078 | D:9      | Reached skill level 6 in Fighting
 11612 | D:9      | Noticed an ice statue
 11713 | D:9      | Found a shimmering altar of Xom.
 11713 | D:9      | Found a burning altar of Makhleb.
 11872 | D:9      | Reached skill level 5 in Conjurations
 11993 | D:9      | Identified the +2 leather armour of Buumor {^Contam Rampage
                  | Fly Int+3}
 12012 | D:9      | Found a shimmering blue altar of Sif Muna.
 12069 | D:9      | Reached skill level 7 in Fighting
 12117 | D:9      | Gained mutation: A weak demonic guardian rushes to your
                  | aid. [demonic ancestry]
 12117 | D:9      | Reached XP level 11. HP: 62/84 MP: 11/21
 12186 | D:9      | Found a staircase to the Lair.
 12431 | D:9      | Identified a scroll of acquirement
 12432 | D:9      | Acquired the ring "Zyth" {rPois rC+ Int+4}
 12439 | D:10     | Entered Level 10 of the Dungeon
 12485 | D:10     | Reached ** piety under Vehumet
 12486 | D:10     | Offered knowledge of Searing Ray by Vehumet.
 12910 | D:10     | Noticed Grum
 12991 | D:10     | Killed Grum
 13140 | D:10     | Found a transporter.
 13418 | D:10     | Found a transporter.
 13679 | D:10     | Found Farhug's Lightly-Used Armoury.
 14055 | D:11     | Noticed a brown ugly thing
 14061 | D:11     | Killed a brown ugly thing
 14154 | D:11     | Noticed a two-headed ogre
 14155 | D:11     | Noticed a two-headed ogre
 14160 | D:11     | Killed a two-headed ogre
 14164 | D:11     | Killed a two-headed ogre
 14165 | D:11     | Reached skill level 8 in Fighting
 14361 | D:11     | Noticed a two-headed ogre
 14369 | D:11     | Killed a two-headed ogre
 14573 | D:11     | Offered knowledge of Scorch by Vehumet.
 15292 | D:11     | Identified the +0 ring mail of Soorhooz {Str+7 Int+5 Dex-3}
 15475 | D:12     | Found a frozen archway.
 15488 | D:12     | Reached *** piety under Vehumet
 15561 | IceCv    | Entered an ice cave
 15572 | IceCv    | Learned a level 4 spell: Brom's Barrelling Boulder
 15823 | IceCv    | Offered knowledge of Iskenderun's Mystic Blast by Vehumet.
 15831 | IceCv    | Learned a level 4 spell: Iskenderun's Mystic Blast
 16130 | IceCv    | Reached XP level 12. HP: 73/94 MP: 6/24
 16436 | IceCv    | Noticed a white draconian
 16685 | IceCv    | Killed a white draconian
 16686 | IceCv    | Reached skill level 9 in Fighting
 17025 | D:12     | Noticed a two-headed ogre
 17031 | D:12     | Killed a two-headed ogre
 17181 | D:12     | Noticed a two-headed ogre
 17187 | D:12     | Killed a two-headed ogre
 17352 | D:12     | Reached **** piety under Vehumet
 17588 | D:12     | Offered knowledge of Fulminant Prism by Vehumet.
 18272 | D:12     | Noticed a two-headed ogre
 18279 | D:12     | Killed a two-headed ogre
 18612 | D:12     | Found a staircase to the Orcish Mines.
 18676 | D:13     | Reached skill level 10 in Fighting
 19127 | D:13     | Noticed a centaur warrior
 19131 | D:13     | Reached ***** piety under Vehumet
 19139 | D:13     | Killed a centaur warrior
 19331 | D:13     | Offered knowledge of Magnavolt by Vehumet.
 19342 | D:13     | Learned a level 7 spell: Magnavolt
 19411 | D:13     | Noticed Sonja
 19416 | D:13     | Killed Sonja
 19710 | D:13     | Gained mutation: Your touch may irresistibly damage your
                  | foes and sap their willpower. [demonic ancestry]
 19710 | D:13     | Reached XP level 13. HP: 64/104 MP: 1/26
 19719 | D:13     | Reached skill level 10 in Earth Magic
 20356 | D:14     | Reached skill level 10 in Spellcasting
 20943 | D:14     | Reached skill level 11 in Fighting
 21392 | D:14     | Found Foshre's Distillery.
 21400 | D:14     | Bought a potion of curing for 39 gold pieces
 21400 | D:14     | Bought 2 potions of heal wounds for 130 gold pieces
 21400 | D:14     | Bought a potion of curing for 39 gold pieces
 21677 | D:14     | Noticed an ettin
 21712 | D:14     | Killed an ettin
 21730 | D:14     | HP: 3/106 [manticore (8)]
 22054 | D:14     | Found a gate to the Vaults.
 22109 | D:15     | Entered Level 15 of the Dungeon
 22781 | D:15     | Found a staircase to the Depths.
 22781 | D:15     | Noticed a stone giant
 22849 | D:15     | Identified the +5 scale mail of Zeixu {rElec rCorr}
 22879 | D:15     | Found Kuamiulo's Gadget Gallery.
 23034 | D:15     | Noticed Josephine
 23038 | D:15     | Killed Josephine
 23410 | D:14     | Reached skill level 12 in Fighting
 24165 | D:15     | Reached XP level 14. HP: 101/115 MP: 6/29
 24852 | Lair:1   | Entered Level 1 of the Lair of Beasts
 25963 | Lair:1   | Learned a level 5 spell: Lee's Rapid Deconstruction
 25971 | Lair:2   | Identified the +3 cloak "Hero's Friend" {Str+7 Int+2 Dex-2
                  | SInv}
 26484 | Lair:2   | Offered knowledge of Arcjolt by Vehumet.
 26485 | Lair:2   | Reached skill level 13 in Fighting
 28160 | Lair:3   | Found a hole to the Spider Nest.
 28370 | Lair:3   | Found a staircase to the Swamp.
 28594 | Lair:3   | Identified the -2 helmet "Titagoyf" {-Cast rPois rCorr
                  | Str+2}
 28742 | Lair:3   | Learned a level 5 spell: Arcjolt
 29907 | Lair:5   | Entered Level 5 of the Lair of Beasts
 30130 | Lair:5   | Noticed Kirke
 30132 | Lair:5   | Offered knowledge of Plasma Beam by Vehumet.
 30135 | Lair:5   | Gained mutation: You are completely covered in slimy green
                  | scales. (AC +4, rPois) [demonic ancestry]
 30135 | Lair:5   | Reached XP level 15. HP: 119/125 MP: 26/31
 30145 | Lair:4   | HP: 5/125 [hog[Kirke] (11)]
 30145 | Lair:4   | Slain by a hog

Illustrated notes

Levels and vault maps discovered:
D:1:      dpeg_arrival_ternary, layout_basic
D:2:      layout_basic, shapermc_ecumenical_altar_notcrosses,
          minmay_misc_feat_more_columns, minmay_fractal_squares_5
D:3:      layout_rooms, mainiacjoe_overflow_alcove_1,
          gammafunk_temple_overflow_elements, nicolae_gozag_seed_capital,
          nzn_wu_jian_contemplation, mainiacjoe_overflow_cross_hatched,
          grunt_ministairs_8
D:4:      layout_basic, grunt_decor_cap, uniq_edmund, uniq_sigmund, uniq_natasha
D:5:      layout_layer_cave, kennysheep_mini_moat, kennysheep_little_box,
          chequers_serial_rivers_room_b, grunt_decor_junction
D:6:      layout_basic, zin_purify
D:7:      layout_gridville, worldfamousw_hep_ancestral_shrine,
          nicolae_overflow_hidden_temple, temple_hall, corexii_checkpoint,
          minmay_fractal_squares_diagonal_5
D:8:      layout_loops_cross, grunt_qazlal_sundering, enter_bailey_4,
          serial_co_window_serial, co_window_of_opportunity_a,
          co_window_paths_b, co_window_corner_a, co_window_of_opportunity_a,
          co_window_cross_1, co_window_unsneaky_path_b, co_window_corner_ca,
          co_window_2corner, co_window_unsneaky_path_e, co_window_paths_c,
          co_window_unsneaky_path_d, co_window_paths_d, glass_columns_b,
          glass_columns_a, glass_columns_c, glass_columns_a, chequers_jeans
D:9:      layout_small_grid, led_sif_pool,
          grunt_temple_overflow_champion_of_chaos, dpeg_oklobed_lair,
          minivault_16, grunt_ministairs_13, moated_statue,
          hangedman_abyss_or_decor_jellyfish_corner
D:10:     layout_layer_cave, tso_metal_star, gammafunk_ghost_stat_death,
          serial_library_hellmonk_h_bend, minmay_shop_damaged, uniq_grum
D:11:     layout_stronghold, minmay_fractal_squares_gapless_5
D:12:     layout_basic, hiddenorc1_lemuel, portal_ice_cave_entry_imps,
          special_room [special_room_bee]
D:13:     layout_roguey, uniq_sonja
D:14:     layout_roguey, david_vaults_4, infiniplex_staircase_hallway_doors,
          serial_shops, nicolae_shop_peninsula
D:15:     grunt_enter_depths_snipers, layout_loops_ring, nicolae_shop_gadgets,
          uniq_josephine
Temple:   hellmonk_temple_micro_hex
Lair:1:   layout_gridlike, pdpol_lair_neglected_garden, grunt_megastairs_5,
          serial_bayou_shore_b, lemuel_fruit_fields, lemuel_fruit_fields
Lair:2:   layout_gridlike, grunt_forest_large_clearing_hut,
          infiniplex_staircase_pool
Lair:3:   layout_regular_city, skrybe_swamp_entry_bodies,
          spider_nest_entry_web_field, infiniplex_staircase_pool_2
Lair:4:   layout_gridlike
Lair:5:   grunt_lair_end_beastmaster, layout_hall_layers,
          dpeg_slime_entry_enclosed, uniq_kirke

Skill      XL: |  1  2  3  4  5  6  7  8  9 10 11 12 13 14 |
---------------+-------------------------------------------+-----
Fighting       | 1 2 3 5 7 8 10 12 13 | 13.9
Earth Magic    | 3 4 5 6 7 8 9 11 12 | 12.9
Spellcasting   | 3 4 5 6 8 9 11 12 | 12.8
Dodging        | 2 3 |  3.0
Armour         | 1 2 3 5 6 7 8 9 |  9.0
Conjurations   | 2 3 5 6 |  6.0
Alchemy        | 1 3 |  3.0
Stealth        | 3 |  3.0
Evocations     | 2 3 |  3.0
Air Magic      | 2 3 |  3.0

Action                     |  1- 3 |  4- 6 |  7- 9 | 10-12 | 13-15 || total
---------------------------+-------+-------+-------+-------+-------++-------
  Melee: Club              |    39 |       |       |       |       ||    39
         Dagger            |    14 |    64 |    37 |    10 |   103 ||   228
         Touch             |     5 |    11 |     9 |     3 |    25 ||    53
         Falchion          |       |       |    20 |       |       ||    20
         Long sword        |       |       |     2 |    15 |     4 ||    21
         Unarmed           |       |       |       |       |     3 ||     3
   Cast: Sandblast         |    63 |    70 |    73 |   132 |   168 ||   506
         Passwall          |       |     6 |     4 |     2 |       ||    12
         Stone Arrow       |       |     7 |    99 |   235 |   298 ||   639
         Mephitic Cloud    |       |       |     2 |    31 |    21 ||    54
         Iskenderun's Myst |       |       |       |    25 |    11 ||    36
         Brom's Barrelling |       |       |       |     1 |    18 ||    19
         Arcjolt           |       |       |       |       |    10 ||    10
  Evoke: Wand              |       |     3 |    11 |    21 |     2 ||    37
    Use: Scroll            |       |     1 |    10 |     5 |     9 ||    25
         Potion            |       |       |     2 |     4 |     8 ||    14
   Stab: Sleeping          |     3 |       |       |       |       ||     3
         Distracted        |     1 |       |       |       |       ||     1
         Confused          |       |       |       |     4 |     3 ||     7
 Armour: Robe              |    59 |    49 |   106 |   247 |   370 ||   831
         Scale mail        |       |    35 |       |       |       ||    35
         Skin              |       |       |       |       |    12 ||    12
  Dodge: Dodged            |    52 |    61 |    85 |   196 |   240 ||   634

Table legend: (Time is in decaauts)
 A = Elapsed time spent in this place.
 B = Non-inter-level travel time spent in this place.
 C = Inter-level travel time spent in this place.
 D = Time resting spent in this place.
 E = Time spent auto-exploring this place.
 F = Levels seen in this place.
 G = Mean time per level.
                   A        B        C        D        E       F      G
               +--------+--------+--------+--------+--------+-----+--------+
         Total |  30447 |  29325 |   1122 |   6904 |  17303 |  22 | 1384.0 |
       Dungeon |  23630 |  22583 |   1047 |   5251 |  13364 |  15 | 1575.3 |
        Temple |     10 |      6 |      4 |      0 |      0 |   1 |   10.0 |
          Lair |   5350 |   5281 |     69 |    687 |   3872 |   5 | 1070.0 |
      Ice Cave |   1456 |   1456 |      0 |    966 |     67 |   1 | 1456.0 |
               +--------+--------+--------+--------+--------+-----+--------+

Top non-repeatable levels by time:
    D:14: 2514 daAuts
    D:15: 2109 daAuts
    D:12: 1961 daAuts
     D:8: 1738 daAuts
    D:10: 1645 daAuts
     D:4: 1639 daAuts
     D:5: 1542 daAuts
     D:7: 1500 daAuts
     D:9: 1488 daAuts
   IceCv: 1456 daAuts
  Lair:3: 1450 daAuts
    D:11: 1438 daAuts
  Lair:1: 1403 daAuts
  Lair:4: 1379 daAuts
    D:13: 1348 daAuts
